 Dungeon Crawl Stone Soup version 0.27.1-4-g1640c2035a (webtiles) character file.

Game seed: 17789516051967891725

1376 Arandomuser the Cleaver (level 8, -3/69 (70) HPs)
             Began as a Minotaur Berserker on Nov 1, 2021.
             Was a Priest of Trog.
             Slain by a wight (8 damage)
             ... on level 6 of the Dungeon.
             The game lasted 00:20:34 (5140 turns).

Arandomuser the Cleaver (Minotaur Berserker)        Turns: 5140, Time: 00:20:35

HP:   -3/69 (70)    AC: 14    Str: 24    XL:     8   Next: 39%
MP:   7/7           EV: 15    Int:  4    God:    Trog [***...]
Gold: 196           SH:  0    Dex: 10    Spells: 7/7 levels left

rFire    x . .     SeeInvis .   a - +0 hand axe
rCold    + + .     Faith    .   (no shield)
rNeg     . . .     Spirit   .   l - +0 ice dragon scales
rPois    +         Reflect  .   (helmet restricted)
rElec    .         Harm     .   (no cloak)
rCorr    .         Rampage  .   (no gloves)
Will     .....                  m - +1 pair of boots
Stlth    ..........             (no amulet)
HPRegen  0.21/turn              d - ring of poison resistance
MPRegen  0.10/turn              f - +4 ring of evasion

@: on berserk cooldown, slowed, lightly drained, very slow
A: horns 2, retaliatory headbutt
a: Renounce Religion, Berserk, Trog's Hand


You were on level 6 of the Dungeon.
You worshipped Trog.
Trog was most pleased with you.
You visited 1 branch of the dungeon, and saw 6 of its levels.

You collected 196 gold pieces.

Inventory:

Hand Weapons
 a - a +0 hand axe (weapon)
Armour
 b - a +0 animal skin
 h - a +0 leather armour
 i - a +0 scale mail
 l - +0 ice dragon scales (worn)
 m - a +1 pair of boots (worn)
Jewellery
 d - a ring of poison resistance (left hand)
 f - a +4 ring of evasion (right hand)
Scrolls
 g - 3 scrolls of teleportation {unknown}
 k - 2 scrolls of identify {unknown}
Potions
 c - a potion of might {unknown}
 e - a potion of berserk rage {unknown}
 j - a potion of degeneration {unknown}


   Skills:
 + Level 6.3 Fighting
 + Level 8.2 Axes
 + Level 7.0 Armour
 + Level 4.9 Dodging
 + Level 1.1 Stealth


You had 7 spell levels left.
You didn't know any spells.
Your spell library was empty.

Dungeon Overview and Level Annotations

Branches:
Dungeon (6/15)
 Temple: D:4-7

Altars:
Cheibriados

Annotations:
D:6 1 transporter, horus123's ghost, novice HuGl


Innate Abilities, Weirdness & Mutations

You have a pair of horns on your head.
You reflexively headbutt those who attack you in melee.


Message History

The quokka misses you. The wight hits you but does no damage.
You closely miss horus123's ghost.
Horus123's ghost is severely damaged.
You closely miss the quokka. You hit the river rat but do no damage.
The river rat bites you but does no damage.
The quokka misses you. You furiously retaliate!
You headbutt the quokka!
You kill the quokka!
The quokka's corpse disappears in a puff of smoke!
Horus123's ghost mumbles some strange words.
The wight hits you from afar with a +0 spear.
* * * LOW HITPOINT WARNING * * *
You feel drained. The river rat closely misses you.
You slash horus123's ghost!
Horus123's ghost is severely damaged.
You hit the quokka. You hit the river rat but do no damage.
The bat closely misses you. You furiously retaliate!
You headbutt the bat.
You kill the bat!
The bat's corpse disappears in a puff of smoke!
The bat barely misses you. You furiously retaliate!
You headbutt the bat.
Horus123's ghost casts a spell.
The wight closely misses you. The quokka closely misses you.
The river rat bites you.
* * * LOW HITPOINT WARNING * * *
Horus123's ghost ripples.
Horus123's ghost barely misses you. You furiously retaliate!
You headbutt horus123's ghost, but do no damage.
You hit horus123's ghost.
Horus123's ghost is almost destroyed.
You hit the river rat but do no damage. You hit the rat.
You kill the rat!
The rat's corpse disappears in a puff of smoke!
You hit the bat.
You kill the bat!
The bat's corpse disappears in a puff of smoke!
You hit the quokka but do no damage.
The bat disappears in a puff of smoke!
The river rat disappears in a puff of smoke!
The bat closely misses you.
The quokka bites you but does no damage.
The wight hits you from afar with a +0 spear!
You die...

#########.##......#
#.................#
####...#############.#
.....†.#...........#.#
.......#...........#.#
.......#..###.###..#.#
.......#..#8#.#8#.§#.##
.......#[......§W..#..##
......©#)....©.§@r.#©..######
.......#(......§.b.#.........
.......#..#8#.#8#z.#.########
######.#..###.###..#.#
#.#..$........#.#
#.#©......z...#.#
#.#############.#
#...............#########
################.).......


You could see a wight, horus123's ghost, a quokka (summoned) and a bat
(summoned).

Vanquished Creatures
  Grinder (D:5)
  A water moccasin (D:5)
  Duvessa (D:5)
  A black bear (D:5)
  A centaur (D:6)
  An ogre (D:5)
  A scorpion (D:6)
  2 water moccasin zombies
  Dowan (D:5)
  A wight (D:6)
  A spectral centaur (D:6)
  A centaur zombie (D:5)
  3 hounds (D:5)
  2 centaur skeletons (D:6)
  A bullfrog skeleton (D:4)
  2 iguanas (D:4)
  An orc wizard (D:3)
  4 adders
  A howler monkey skeleton (D:6)
  A shadow imp (D:5)
  An ufetubus (D:4)
  2 adder skeletons
  A dart slug (D:4)
  8 orcs
  A ball python (D:4)
  3 bats
  7 endoplasms
  5 giant cockroaches
  6 hobgoblins
  5 jackals
  5 kobolds
  3 quokkas
  A frilled lizard (D:2)
  8 goblins
  5 rats
89 creatures vanquished.

Notes
Turn   | Place    | Note
-------+----------+-------------------------------------------
     0 | D:1      | Arandomuser the Minotaur Berserker began the quest for the
                  | Orb.
     0 | D:1      | Reached XP level 1. HP: 19/19 MP: 0/0
   181 | D:1      | Found a faded altar of an unknown god.
   342 | D:1      | Reached XP level 2. HP: 19/27 MP: 1/1
   804 | D:1      | Reached skill level 4 in Axes
  1436 | D:2      | Found a snail-covered altar of Cheibriados.
  1947 | D:2      | Reached XP level 3. HP: 34/34 MP: 2/2
  2045 | D:2      | Reached ** piety under Trog
  2582 | D:3      | Reached XP level 4. HP: 41/41 MP: 3/3
  2620 | D:3      | Reached skill level 5 in Axes
  3027 | D:4      | Reached XP level 5. HP: 47/47 MP: 4/4
  3300 | D:4      | Reached skill level 5 in Fighting
  3903 | D:5      | Entered Level 5 of the Dungeon
  3919 | D:5      | Reached XP level 6. HP: 54/56 MP: 5/5
  3977 | D:5      | Reached skill level 6 in Axes
  3977 | D:5      | Reached skill level 1 in Stealth
  4093 | D:5      | Noticed Duvessa
  4093 | D:5      | Noticed Dowan
  4107 | D:5      | Killed Dowan
  4107 | D:5      | Reached *** piety under Trog
  4110 | D:5      | Killed Duvessa
  4111 | D:5      | Reached XP level 7. HP: 27/61 MP: 6/6
  4354 | D:5      | Noticed Grinder
  4367 | D:5      | Paralysed by Grinder for 3 turns
  4375 | D:5      | Paralysed by Grinder for 3 turns
  4381 | D:5      | Killed Grinder
  4382 | D:5      | Reached skill level 7 in Axes
  4532 | D:5      | Reached skill level 5 in Armour
  4565 | D:5      | Reached XP level 8. HP: 55/70 MP: 7/7
  4940 | D:6      | Found a transporter.
  4941 | D:6      | Noticed horus123's ghost (novice HuGl)
  4968 | D:6      | Found a transporter.
  5032 | D:6      | Reached skill level 8 in Axes
  5140 | D:6      | Slain by a wight

Illustrated notes

Levels and vault maps discovered:
D:1:      dpeg_arrival_radiant, layout_basic, serial_co_window_serial,
          co_window_of_opportunity_a, co_window_corner_a, co_window_corner_a,
          co_window_of_opportunity_a, co_window_of_opportunity_a,
          co_window_paths_a, co_window_paths_b, co_window_corner_b,
          co_window_corner_b, co_window_of_opportunity_b, co_window_broadway_b,
          co_window_paths_c, co_window_broadway_a, glass_columns_c,
          glass_columns_a, glass_columns_c, hellmonk_ecumenical_altar_zigzags,
          st_stairs_9
D:2:      layout_basic, basic_altar
D:3:      layout_basic
D:4:      layout_basic
D:5:      layout_basic, uniq_duvessa, uniq_grinder
D:6:      layout_basic, minmay_temple_entry_drinking_statues,
          gammafunk_ghost_mausoleum

Skill      XL: |  1  2  3  4  5  6  7  8 |
---------------+-------------------------+-----
Fighting       | 4 5 6 |  6.3
Axes           | 4 5 6 7 8 |  8.2
Dodging        | 3 4 |  4.9
Armour         | 3 4 5 7 |  7.0
Stealth        | 1 |  1.1

Action                   |  1- 3 |  4- 6 |  7- 9 || total
-------------------------+-------+-------+-------++-------
Melee: Hand axe          |    67 |   101 |    95 ||   263
       Headbutt          |    11 |    12 |    29 ||    52
Invok: Berserk           |     1 |     2 |     2 ||     5
Armor: Animal skin       |    12 |       |       ||    12
       Leather armour    |       |     3 |       ||     3
       Scale mail        |       |    14 |       ||    14
       Ice dragon scales |       |    20 |    73 ||    93
Dodge: Dodged            |    55 |    81 |   124 ||   260
